PAA
TACOMA FUR TRADERS @ SPRINGFIELD SHOOTERS
07/29/2034
 
TOP OF THE 1ST
Tacoma Fur Traders batting - Pitching for Springfield Shooters : RHP Oliver Moreno
Pitching: RHP Oliver Moreno
Batting: LHB Vance Corkum 0-0: Called Strike
0-1: Ball
1-1: Bunt for hit - play at first, batter OUT! 1-3
Batting: RHB Ricardo Sandoval 0-0: Ball
1-0: Called Strike
1-1: Called Strike
1-2: Strikes out looking
Batting: LHB Keizo Morishita 0-0: Called Strike
0-1: Ball
1-1: Ball
2-1: Foul Ball, location: 2F
2-2: Ground out 5-3 (Groundball, 56)
Top of the 1st over - 0 runs, 0 hits, 0 errors, 0 left on base; Tacoma 0 - Springfield 0
BOTTOM OF THE 1ST
Springfield Shooters batting - Pitching for Tacoma Fur Traders : LHP Kentaro Kato
Pitching: LHP Kentaro Kato
Batting: RHB Mei Kim 0-0: Ball
1-0: Ball
2-0: Ball
3-0: Called Strike
3-1: Called Strike
3-2: Base on Balls
Batting: RHB Gianni Martin 0-0: SINGLE (Line Drive, 8RS)
Mei Kim to second
Batting: RHB Karl Wade 0-0: Ball
1-0: Called Strike
1-1: Called Strike
1-2: Ball
2-2: Foul Ball, location: 2F
2-2: Ball
3-2: SINGLE (Groundball, 56D)
Mei Kim to third
Gianni Martin to second
Mei Kim scores
Gianni Martin to third
Batting: RHB Fook Zhào 0-0: Ball
1-0: Ball
2-0: Ball
3-0: Base on Balls
Karl Wade to second
Batting: LHB Jared Swanson 0-0: Called Strike
0-1: Ball
1-1: Called Strike
1-2: Strikes out swinging
Batting: RHB Daniel Carr 0-0: Called Strike
0-1: SINGLE (Groundball, 6MD)
Gianni Martin scores
Karl Wade to third
Fook Zhào to second
Batting: RHB Nestor Tantoco 0-0: Ball
1-0: Swinging Strike
1-1: Ball
2-1: Swinging Strike
2-2: Fly out, F9 (Flyball, 89S)
Batting: RHB Ernesto Amézaga 0-0: Called Strike
0-1: Ball
1-1: Called Strike
1-2: SINGLE (Flyball, 78M)
Karl Wade scores
Fook Zhào to third
Daniel Carr to second
Runner from 3rd tries for Home, SAFE, no throw
Batting: RHB Jack Stidston 0-0: Called Strike
0-1: Foul Ball, location: 2F
0-2: Strikes out looking
Bottom of the 1st over - 4 runs, 4 hits, 0 errors, 2 left on base; Tacoma 0 - Springfield 4
TOP OF THE 2ND
Tacoma Fur Traders batting - Pitching for Springfield Shooters : RHP Oliver Moreno
Batting: RHB Sinclair Bothof 0-0: Ball
1-0: Ball
2-0: Foul Ball, location: 2F
2-1: Ball
3-1: Base on Balls
Batting: RHB Bill Perkins 0-0: Ball
1-0: Called Strike
1-1: Ball
2-1: Swinging Strike
2-2: Fly out, F4 (Line Drive, 34)
Batting: RHB Robin Colwill 0-0: Foul Ball, location: 2F
0-1: Ball
1-1: Fly out, F9 (Flyball, 9LD)
Batting: RHB Michael Palledorous 0-0: Ball
1-0: Called Strike
1-1: Ball
Sinclair Bothof is caught stealing 2nd base
Top of the 2nd over - 0 runs, 0 hits, 0 errors, 0 left on base; Tacoma 0 - Springfield 4
BOTTOM OF THE 2ND
Springfield Shooters batting - Pitching for Tacoma Fur Traders : LHP Kentaro Kato
Batting: RHB Mei Kim 0-0: Ball
1-0: Called Strike
1-1: Ball
2-1: Ball
3-1: Ground out 5-3 (Groundball, 56)
Batting: RHB Gianni Martin 0-0: Ball
1-0: Foul Ball, location: 2F
1-1: Called Strike
1-2: Ball
2-2: Ground out 5-3 (Groundball, 56S)
Batting: RHB Karl Wade 0-0: Called Strike
0-1: Called Strike
0-2: Ball
1-2: Foul Ball, location: 2F
1-2: Ball
2-2: Foul Ball, location: 2F
2-2: Ball
3-2: Base on Balls
Batting: RHB Fook Zhào 0-0: Ball
1-0: Called Strike
1-1: Ball
2-1: Ball
3-1: Swinging Strike
3-2: Fly out, F7 (Flyball, 78M)
Bottom of the 2nd over - 0 runs, 0 hits, 0 errors, 1 left on base; Tacoma 0 - Springfield 4
TOP OF THE 3RD
Tacoma Fur Traders batting - Pitching for Springfield Shooters : RHP Oliver Moreno
Batting: RHB Michael Palledorous 0-0: Fly out, F7 (Flyball, 7)
Batting: RHB Alejandro Aquilera 0-0: Ball
1-0: Called Strike
1-1: Ball
2-1: Foul Ball, location: 2F
2-2: Ball
3-2: Base on Balls
Batting: RHB Stan Wheeler 0-0: Ball
1-0: Grounds into double play, 6-4-3 (Groundball, 6)
Top of the 3rd over - 0 runs, 0 hits, 0 errors, 0 left on base; Tacoma 0 - Springfield 4
BOTTOM OF THE 3RD
Springfield Shooters batting - Pitching for Tacoma Fur Traders : LHP Kentaro Kato
Batting: LHB Jared Swanson 0-0: Called Strike
0-1: Ball
1-1: Ball
2-1: Ball
3-1: Ground out 5-3 (Groundball, 56S)
Batting: RHB Daniel Carr 0-0: Ball
1-0: Called Strike
1-1: Ground out 6-3 (Groundball, 6)
Batting: RHB Nestor Tantoco 0-0: Fly out, F7 (Flyball, 7LS)
Bottom of the 3rd over - 0 runs, 0 hits, 0 errors, 0 left on base; Tacoma 0 - Springfield 4
TOP OF THE 4TH
Tacoma Fur Traders batting - Pitching for Springfield Shooters : RHP Oliver Moreno
Batting: LHB Vance Corkum 0-0: Ball
1-0: Called Strike
1-1: Called Strike
1-2: SINGLE (Line Drive, 8RS)
Batting: RHB Ricardo Sandoval 0-0: Foul Ball, location: 2F
0-1: Grounds into double play, 4-6-3 (Groundball, 4)
Batting: LHB Keizo Morishita 0-0: Ground out 5-3 (Groundball, 56)
Top of the 4th over - 0 runs, 1 hit, 0 errors, 0 left on base; Tacoma 0 - Springfield 4
BOTTOM OF THE 4TH
Springfield Shooters batting - Pitching for Tacoma Fur Traders : LHP Kentaro Kato
Batting: RHB Ernesto Amézaga 0-0: Called Strike
0-1: Ball
1-1: Ball
2-1: Foul Ball, location: 2F
2-2: Fly out, F9 (Line Drive, 89S)
Batting: RHB Jack Stidston 0-0: Called Strike
0-1: Called Strike
0-2: Fly out, F6 (Popup, 56D)
Batting: RHB Mei Kim 0-0: Ball
1-0: Ball
2-0: Ball
3-0: Base on Balls
Batting: RHB Gianni Martin 0-0: Called Strike
0-1: Ball
1-1: Ground out 4-3 (Groundball, 4)
Bottom of the 4th over - 0 runs, 0 hits, 0 errors, 1 left on base; Tacoma 0 - Springfield 4
TOP OF THE 5TH
Tacoma Fur Traders batting - Pitching for Springfield Shooters : RHP Oliver Moreno
Batting: RHB Sinclair Bothof 0-0: Ball
1-0: Called Strike
1-1: Swinging Strike
1-2: Foul Ball, location: 2F
1-2: Ball
2-2: Strikes out looking
Batting: RHB Bill Perkins 0-0: Ball
1-0: Ball
2-0: Ball
3-0: Called Strike
3-1: Base on Balls
Batting: RHB Robin Colwill 0-0: Called Strike
Bill Perkins steals 2nd base
0-1: Ball
1-1: Foul Ball, location: 2F
1-2: Ground out 6-3 (Groundball, 6)
Batting: RHB Michael Palledorous 0-0: Called Strike
0-1: Ground out 6-3 (Groundball, 6)
Top of the 5th over - 0 runs, 0 hits, 0 errors, 1 left on base; Tacoma 0 - Springfield 4
BOTTOM OF THE 5TH
Springfield Shooters batting - Pitching for Tacoma Fur Traders : LHP Kentaro Kato
Batting: RHB Karl Wade 0-0: Ball
1-0: Swinging Strike
1-1: Fly out, F7 (Flyball, 7)
Batting: RHB Fook Zhào 0-0: Ball
1-0: Ball
2-0: Ball
3-0: Called Strike
3-1: Called Strike
3-2: Foul Ball, location: 2F
3-2: Base on Balls
Batting: LHB Jared Swanson Pickoff Throw to First - Error! E1
Fook Zhào to second
0-0: Called Strike
0-1: Ground out U3 (Groundball, 3)
Fook Zhào to third
Batting: RHB Daniel Carr 0-0: Called Strike
0-1: Ground out 1-3 (Groundball, 13S)
Bottom of the 5th over - 0 runs, 0 hits, 1 error, 1 left on base; Tacoma 0 - Springfield 4
TOP OF THE 6TH
Tacoma Fur Traders batting - Pitching for Springfield Shooters : RHP Oliver Moreno
Batting: RHB Alejandro Aquilera 0-0: Ball
1-0: Ball
2-0: Called Strike
2-1: Ball
3-1: Foul Ball, location: 2F
3-2: SINGLE (Line Drive, 89S)
Batting: RHB Stan Wheeler 0-0: Called Strike
0-1: Ball
Alejandro Aquilera steals 2nd base
1-1: Ball
2-1: Foul Ball, location: 2F
2-2: SINGLE (Groundball, 6MD)
Alejandro Aquilera to third
Batting: LHB Vance Corkum 0-0: Called Strike
0-1: Called Strike
0-2: Ball
Wild Pitch!
Alejandro Aquilera scores
Stan Wheeler to second
1-2: Foul Ball, location: 2F
1-2: Ball
2-2: Strikes out looking
Batting: RHB Ricardo Sandoval 0-0: Ball
1-0: Called Strike
1-1: Ball
2-1: Swinging Strike
2-2: Ground out 5-3 (Groundball, 56)
Batting: LHB Keizo Morishita 0-0: Ball
1-0: Fly out, F9 (Flyball, 89S)
Top of the 6th over - 1 run, 2 hits, 0 errors, 1 left on base; Tacoma 1 - Springfield 4
BOTTOM OF THE 6TH
Springfield Shooters batting - Pitching for Tacoma Fur Traders : LHP Kentaro Kato
Batting: RHB Nestor Tantoco 0-0: Ball
1-0: Ground out 5-3 (Groundball, 5L)
Batting: RHB Ernesto Amézaga 0-0: Foul Ball, location: 2F
0-1: Foul Ball, location: 2F
0-2: Foul Ball, location: 2F
0-2: Ball
1-2: SINGLE (Flyball, 7LS)
Batting: RHB Jack Stidston 0-0: Called Strike
0-1: Called Strike
0-2: Ball
1-2: Fly out, F9 (Line Drive, 9)
Batting: RHB Mei Kim 0-0: Ball
1-0: Foul Ball, location: 2F
1-1: Ball
2-1: Ball
3-1: Foul Ball, location: 2F
3-2: Foul Ball, location: 2F
3-2: Foul Ball, location: 2F
3-2: Base on Balls
Ernesto Amézaga to second
Pitching: RHP Anthony Lang
Batting: RHB Gianni Martin 0-0: Called Strike
0-1: Fly out, F7 (Flyball, 7S)
Bottom of the 6th over - 0 runs, 1 hit, 0 errors, 2 left on base; Tacoma 1 - Springfield 4
TOP OF THE 7TH
Tacoma Fur Traders batting - Pitching for Springfield Shooters : RHP Oliver Moreno
Batting: RHB Sinclair Bothof 0-0: Ball
1-0: Ball
2-0: Ball
3-0: Base on Balls
Batting: RHB Bill Perkins 0-0: Ball
1-0: Foul Ball, location: 2F
1-1: Swinging Strike
1-2: 2-RUN HOME RUN (Flyball, 89XD), Distance : 408 ft
Pitching: RHP Ricardo Pérez
Batting: RHB Robin Colwill 0-0: Called Strike
0-1: Called Strike
0-2: Ball
1-2: Foul Ball, location: 2F
1-2: Foul Ball, location: 2F
1-2: Ball
2-2: Fly out, F9 (Flyball, 9S)
Batting: RHB Michael Palledorous 0-0: Ball
1-0: Called Strike
1-1: Called Strike
1-2: Ball
2-2: Ball
3-2: Foul Ball, location: 2F
3-2: Strikes out swinging
Batting: RHB Alejandro Aquilera 0-0: Ball
1-0: Foul Ball, location: 2F
1-1: Ball
2-1: Called Strike
2-2: Foul Ball, location: 2F
2-2: Ball
3-2: Ground out 5-3 (Groundball, 5)
Top of the 7th over - 2 runs, 1 hit, 0 errors, 0 left on base; Tacoma 3 - Springfield 4
BOTTOM OF THE 7TH
Springfield Shooters batting - Pitching for Tacoma Fur Traders : RHP Anthony Lang
Batting: RHB Karl Wade 0-0: Ball
1-0: Ground out 3-1 (Groundball, 34S)
Batting: RHB Fook Zhào 0-0: Called Strike
0-1: Called Strike
0-2: SINGLE (Groundball, 56D)
Batting: LHB Jared Swanson 0-0: Ball
1-0: Ball
2-0: Grounds into double play, 4-6-3 (Groundball, 4)
Bottom of the 7th over - 0 runs, 1 hit, 0 errors, 0 left on base; Tacoma 3 - Springfield 4
TOP OF THE 8TH
Tacoma Fur Traders batting - Pitching for Springfield Shooters : RHP Ricardo Pérez
Now at 1B: Janghyun Yi
Batting: RHB Stan Wheeler 0-0: Fly out, F8 (Flyball, 78D)
Batting: LHB Vance Corkum 0-0: Foul Ball, location: 2F
0-1: DOUBLE (Flyball, 8RXD)
Batting: RHB Ricardo Sandoval 0-0: Ball
1-0: Swinging Strike
1-1: Called Strike
1-2: Ball
2-2: Ball
3-2: Foul Ball, location: 2F
3-2: Strikes out swinging
Batting: LHB Keizo Morishita 0-0: Fly out, F3 (Popup, 3F)
Top of the 8th over - 0 runs, 1 hit, 0 errors, 1 left on base; Tacoma 3 - Springfield 4
BOTTOM OF THE 8TH
Springfield Shooters batting - Pitching for Tacoma Fur Traders : RHP Anthony Lang
Batting: RHB Daniel Carr 0-0: Ground out 3-1 (Groundball, 23)
Batting: RHB Nestor Tantoco 0-0: Called Strike
0-1: Ball
1-1: SINGLE (Line Drive, 78S)
Pinch Hitting: LHB Armando Rodríguez 0-0: Called Strike
0-1: SINGLE (Flyball, 6MD)
Nestor Tantoco to second
Runner from 2nd tries for 3rd, SAFE, no throw
Batting: RHB Jack Stidston 0-0: 3-RUN HOME RUN (Flyball, 9D), Distance : 374 ft
Pitching: LHP Abdul Rashad
Batting: RHB Mei Kim 0-0: Ball
1-0: Swinging Strike
1-1: Ground out 6-3 (Groundball, 56)
Batting: RHB Gianni Martin 0-0: Ball
1-0: Called Strike
1-1: Ball
2-1: Ball
3-1: Base on Balls
Batting: RHB Janghyun Yi 0-0: Swinging Strike
0-1: Ball
1-1: Ball
2-1: Swinging Strike
2-2: Fielders Choice at 2nd, 6-4 (Groundball, 6)
Bottom of the 8th over - 3 runs, 3 hits, 0 errors, 1 left on base; Tacoma 3 - Springfield 7
TOP OF THE 9TH
Tacoma Fur Traders batting - Pitching for Springfield Shooters : RHP Ricardo Pérez
Now at SS: Andre González
Batting: RHB Sinclair Bothof 0-0: Ball
1-0: Ball
2-0: Foul Ball, location: 2F
2-1: Swinging Strike
2-2: Fly out, F6 (Popup, 6)
Batting: RHB Bill Perkins 0-0: Foul Ball, location: 2F
0-1: Fly out, F7 (Flyball, 78S)
Batting: RHB Robin Colwill 0-0: Fly out, F4 (Popup, 34)
Top of the 9th over - 0 runs, 0 hits, 0 errors, 0 left on base; Tacoma 3 - Springfield 7
Friday, March 29th, 2019 - OOTP Baseball 18.8 Build 76